 Dungeon Crawl Stone Soup version 0.18-a0-1203-gbde16db (webtiles) character file.

23 ololoev the Firebug (level 2, 1/15 HPs)
             Began as a Deep Elf Fire Elementalist on Feb 1, 2016.
             Quit the game on level 3 of the Dungeon.
             The game lasted 00:03:32 (420 turns).

ololoev the Firebug (Deep Elf Fire Elementalist)     Turns: 420, Time: 00:03:32

Health: 1/15       AC:  4    Str:  5    XL:     2   Next: 75%
Magic:  8/8        EV: 13    Int: 19    God:
Gold:   39         SH:  0    Dex: 15    Spells: 1 memorised, 6 levels left

rFire  . . .     SeeInvis .     f - +0 spear
rCold  . . .     Gourm    .     a - +0 robe
rNeg   . . .     Faith    .     (no shield)
rPois  .         Spirit   .     (no helmet)
rElec  .         Dismiss  .     (no cloak)
rCorr  .         Reflect  .     m - +0 pair of gloves
SustAt .         Harm     .     j - +0 pair of boots (curse)
MR     .....                    (no amulet)
Stlth  ++........               (no ring)
                                (no ring)

@: lethally poisoned (1 -> -12), not resistant to hostile enchantments,
unstealthy
A: no striking features
a: no special abilities

Inventory:

Hand Weapons
 f - a +0 spear (weapon)
Armour
 a - a +0 robe (worn)
 j - a cursed +0 pair of boots (worn)
 m - a +0 pair of gloves (worn)
Scrolls
 d - a scroll of fear {unknown}
 g - a scroll of amnesia {unknown}
 h - a scroll of immolation {unknown}
 i - 3 scrolls of identify {unknown}
 k - 2 scrolls of remove curse {unknown}
 l - a scroll of magic mapping {unknown}
Potions
 o - a potion of poison
Books
 b - a book of Flames

   Spells                             Type                      Level
   a - Flame Tongue                   Conjuration/Fire             1
   b - Throw Flame                    Conjuration/Fire             2
   c - Conjure Flame                  Conjuration/Fire             3
   d - Inner Flame                    Hexes/Fire                   3
   e - Sticky Flame                   Conjuration/Fire             4
   f - Fireball                       Conjuration/Fire             5
Comestibles
 c - a bread ration
 n - a royal jelly
 p - 9 chunks of flesh


   Skills:
 - Level 2.4 Dodging
 - Level 2.4 Stealth
 + Level 3.4 Spellcasting
 * Level 2.5 Conjurations
 + Level 3.4 Fire Magic


You had 6 spell levels left.
You knew the following spells:

 Your Spells              Type           Power        Failure   Level  Hunger
a - Flame Tongue          Conj/Fire      ##...        6%          1    None


You were on level 3 of the Dungeon.
You were not hungry.

You visited 1 branch of the dungeon, and saw 3 of its levels.

You collected 39 gold pieces.

##. #.##.#........ ...
.(........... ##..
...#.##..... .....
...##.... #
.....####......# ###.#
.............#.##....#
........<............#.
#......)...............
...........#.#.@.......
###............######..
##................
........(.#...####
.###.......#...####
.#.......#......##
...................
.##....##.#......#
#..<. #...###..#

Notes
Turn   | Place    | Note
--------------------------------------------------------------
     0 | D:1      | ololoev the Deep Elf Fire Elementalist began the quest for the Orb.
     0 | D:1      | Reached XP level 1. HP: 10/10 MP: 6/6
   209 | D:3      | Noticed an orc wizard
   251 | D:2      | Reached XP level 2. HP: 12/15 MP: 6/8
   410 | D:3      | Noticed stickyfingers's ghost (amateur DrAs)
   420 | D:3      | Quit the game

Dungeon Overview and Level Annotations

Branches:
Dungeon (3/15)

Altars:

Annotations:
D:3 stickyfingers's ghost, amateur DrAs


Message History

You see here 20 sling bullets.
A worm comes into view.
Found 26 stones.
Stickyfingers's ghost (amateur Draconian Assassin) comes into view.
You see here a scroll labeled EPTE ZAHADGHIVAM.
k - 2 scrolls labeled EPTE ZAHADGHIVAM (gained 1)
There is a stone staircase leading down here.
Casting: Flame Tongue
Confirm with . or Enter, or press ? or * to list all spells.
Aiming: Flame Tongue
Press: ? - help, Shift-Dir - straight line, f - worm
Aim: a worm The flame tongue hits the worm.
The worm is moderately wounded.
Casting: Flame Tongue
Confirm with . or Enter, or press ? or * to list all spells.
Aiming: Flame Tongue
Press: ? - help, Shift-Dir - straight line, f/p - worm
Aim: a worm (moderately wounded)
The flame tongue hits the worm.
The worm is severely wounded.
Casting: Flame Tongue
Confirm with . or Enter, or press ? or * to list all spells.
Aiming: Flame Tongue
Press: ? - help, Shift-Dir - straight line, f/p - worm
Aim: a worm (severely wounded)
The flame tongue hits the worm.
You kill the worm!
Casting: Flame Tongue
Confirm with . or Enter, or press ? or * to list all spells.
You can't see any susceptible monsters within range! (Use Z to cast anyway.) Unknown command.
Drink which item? (? for menu, Esc to quit)
It was a potion of poison.
That liquid tasted very nasty...
You are lethally poisoned!
You feel sick.
Drink which item? (? for menu, Esc to quit)
It was a potion of magic.
Magic courses through your body.
You feel sick.
Are you sure you want to abandon this character and quit the game? (Confirm with "yes".)

There were no monsters in sight!

Vanquished Creatures
  A worm (D:3)
  4 orcs
  A ball python (D:2)
  4 giant cockroaches
  A hobgoblin (D:3)
  A bat (D:1)
  A giant newt (D:1)
  2 goblins (D:2)
15 creatures vanquished.

Action                   || total
-------------------------++-------
Melee: Spear             ||     7
 Cast: Flame Tongue      ||    28
  Use: Potion            ||     2

Vault maps used:
D:1:      lemuel_arrival_rhombus, dk_noncrumbling_4
D:3:      okawaru_trees_2
